[Event "Titled Tuesday Blitz August 15 Early 2023"]
[White "Ter-Sahakyan, Samvel"]
[Black "Ben Artzi, Ido"]
[WhiteFideId "13302531"]
[BlackFideId "2810913"]
[WhiteElo "2820"]
[BlackElo "2458"]
[Result "1-0"]
[Round "7"]
[TimeControl "180+1"]
[Date "2023.08.15"]
[WhiteClock "0:01:59"]
[BlackClock "0:00:56"]
[Board "84"]

1. d4 Nf6 2. c4 g6 3. Nc3 d6 4. e4 Bg7 5. Be2 O-O 6. Be3 e5 7. d5 c6 8. g4 b5 9. g5 Ne8 10. cxb5 cxd5 11. Nxd5 Bb7 12. Bc4 Nd7 13. h4 Nc7 14. Ne2 Nxd5 15. Bxd5 Qa5+ 16. Nc3 Bxd5 17. Qxd5 Rfc8 18. O-O Qb4 19. Qb3 Qxb3 20. axb3 f5 21. Rxa7 Rxa7 22. Bxa7 fxe4 23. Nxe4 d5 24. Nd6 Ra8 25. b6 Nxb6 26. Bxb6 Ra6 27. Nc8 Bf8 1-0


[Site "https://www.chess.com"]

[Event "Titled Tuesday Blitz August 15 Early 2023"]
[White "Ljukin, Sergei"]
[Black "Bryakin, Mikhail"]
[WhiteFideId "14102200"]
[BlackFideId "4165314"]
[WhiteElo "2457"]
[BlackElo "2707"]
[Result "0-1"]
[Round "7"]
[TimeControl "180+1"]
[Date "2023.08.15"]
[WhiteClock "0:00:07"]
[BlackClock "0:01:54"]
[Board "85"]

1. e4 Nc6 2. Nf3 d5 3. exd5 Qxd5 4. Nc3 Qe6+ 5. Be2 g6 6. d4 Qd6 7. Nb5 Qd8 8. Bf4 e5 9. Nxe5 Bd6 10. Bc4 Be6 11. Bxe6 fxe6 12. Nxd6+ cxd6 13. Nf3 Qd7 14. O-O O-O-O 15. c3 h6 16. b4 g5 17. Be3 Nf6 18. a4 Nd5 19. Qd2 Rdf8 20. a5 Nce7 21. a6 b5 22. Qd3 Nb6 23. Nd2 Ned5 24. Ra5 Nc7 25. c4 Rf5 26. c5 Nbd5 27. Ne4 dxc5 28. bxc5 Nb4 29. Qb1 Nc6 30. Rxb5 Nxb5 31. Qxb5 Kd8 32. Nd6 Rd5 33. Rb1 Ke7 34. Qe2 Rb8 35. Rxb8 Nxb8 36. Qh5 Kd8 37. Qxh6 Kc7 38. Qxg5 Rxg5 39. Bxg5 Nxa6 40. Bf4 Kc6 0-1


[Site "https://www.chess.com"]

[Event "Titled Tuesday Blitz August 15 Early 2023"]
[White "Womacka, Mathias"]
[Black "Aaditya Dhingra"]
[WhiteFideId "4611390"]
[BlackFideId "25678191"]
[WhiteElo "2455"]
[BlackElo "2651"]
[Result "1/2-1/2"]
[Round "7"]
[TimeControl "180+1"]
[Date "2023.08.15"]
[WhiteClock "0:00:13"]
[BlackClock "0:00:11"]
[Board "86"]

1. e4 c5 2. Nf3 e6 3. d4 cxd4 4. Nxd4 Nf6 5. Nc3 Nc6 6. Ndb5 Bc5 7. Bf4 O-O 8. Bc7 Qe7 9. Bd6 Bxd6 10. Qxd6 Qd8 11. Nc7 Ne8 12. Nxe8 Rxe8 13. Be2 a6 14. O-O b5 15. Rad1 Ra7 16. e5 Qc7 17. Ne4 Nxe5 18. f4 Nc4 19. Bxc4 bxc4 20. f5 exf5 21. Qxc7 Rxc7 22. Nd6 Re6 23. Rxf5 f6 24. Nxc8 Rxc8 25. Rxd7 Rb6 26. b3 cxb3 27. cxb3 Rbc6 28. h4 Rc1+ 29. Kh2 R1c2 30. Ra5 R8c6 31. h5 R2c5 32. Rd5 Rxa5 33. Rxa5 Kf7 34. g4 Ke6 35. Kg3 g6 36. b4 Kd6 37. a3 Kc7 38. Kf4 Kb6 39. Ke4 Rc4+ 40. Kf3 Rc3+ 41. Kf4 Rc4+ 42. Kf3 Rd4 43. Kg3 g5 44. Kf3 Rf4+ 45. Kg3 h6 46. Kh3 Kb7 47. Kg3 Kb6 48. Kh3 Rf3+ 49. Kg2 Rc3 50. Kf2 Rc4 51. Kf3 Rf4+ 52. Kg3 Rc4 53. Kf3 Rf4+ 54. Kg3 Rf1 55. Kg2 Rf4 56. Kg3 1/2-1/2


[Site "https://www.chess.com"]

[Event "Titled Tuesday Blitz August 15 Early 2023"]
[White "Rosenberg, Evan S"]
[Black "Vaishali, Rameshbabu"]
[WhiteFideId "2019299"]
[BlackFideId "5091756"]
[WhiteElo "2454"]
[BlackElo "2645"]
[Result "0-1"]
[Round "7"]
[TimeControl "180+1"]
[Date "2023.08.15"]
[WhiteClock "0:00:08"]
[BlackClock "0:00:15"]
[Board "87"]

1. d4 Nf6 2. Nf3 g6 3. Nc3 d5 4. Bf4 Bg7 5. Nb5 Na6 6. e3 O-O 7. h3 Ne4 8. Nd2 c6 9. Nxe4 dxe4 10. Nc3 c5 11. Bxa6 bxa6 12. Be5 Bxe5 13. dxe5 Qc7 14. f4 exf3 15. Qxf3 Rb8 16. O-O-O Be6 17. Qf4 Rb4 18. Qg3 Qb7 19. b3 c4 20. e4 cxb3 21. axb3 Rc8 22. Rd3 Kg7 23. Rhd1 a5 24. Qe3 a4 25. bxa4 Rbc4 26. Kd2 Qb4 27. Rb1 Qa5 28. Rb3 Qxe5 29. Ke2 a5 30. Rb5 Qh2 31. Qg3 Qxg3 32. Rxg3 Rxc3 33. Rxc3 Rxc3 34. Kd2 Rg3 35. Rxa5 Rxg2+ 36. Kd3 Rg3+ 37. Kd4 Rxh3 38. c4 Ra3 39. Ra7 h5 40. c5 h4 41. c6 h3 42. Rxe7 h2 43. c7 h1=Q 44. Rxe6 Qg1+ 45. Ke5 Qc5+ 0-1


[Site "https://www.chess.com"]

[Event "Titled Tuesday Blitz August 15 Early 2023"]
[White "dr_tatiana"]
[Black "Shuvalova, Polina"]
[BlackFideId "24171760"]
[WhiteElo "2445"]
[BlackElo "2632"]
[Result "0-1"]
[Round "7"]
[TimeControl "180+1"]
[Date "2023.08.15"]
[WhiteClock "0:00:04"]
[BlackClock "0:00:37"]
[Board "88"]

1. e4 c6 2. d4 d5 3. f3 g6 4. Nc3 Bg7 5. Be3 Qb6 6. Qd2 Qxb2 7. Rb1 Qa3 8. exd5 Nf6 9. dxc6 Nxc6 10. d5 Nb4 11. Bb5+ Bd7 12. Bxd7+ Nxd7 13. Rb3 Qa5 14. a3 Na6 15. Bd4 Bxd4 16. Qxd4 O-O 17. Ne2 Nac5 18. Rb5 Qxa3 19. O-O a6 20. Rbb1 Qa5 21. Kh1 Rac8 22. Ng3 Rfd8 23. Nce4 Qc7 24. Rbe1 Nxe4 25. Rxe4 Nf6 26. Re5 Qc4 27. Qxc4 Rxc4 28. Rxe7 b5 29. Ra7 Nxd5 30. Rxa6 Ne3 31. Rg1 Rxc2 32. Rb6 Rb2 33. Ne4 b4 34. h4 Rc8 35. h5 Kg7 36. hxg6 hxg6 37. Rb7 Rh8# 0-1


[Site "https://www.chess.com"]

[Event "Titled Tuesday Blitz August 15 Early 2023"]
[White "Nathan, Nitish"]
[Black "Kuzhilniy, Oleksandr"]
[WhiteFideId "30927870"]
[BlackFideId "34110500"]
[WhiteElo "2444"]
[BlackElo "2614"]
[Result "0-1"]
[Round "7"]
[TimeControl "180+1"]
[Date "2023.08.15"]
[WhiteClock "0:00:45"]
[BlackClock "0:00:15"]
[Board "89"]

1. d4 g6 2. Bf4 Bg7 3. e3 d6 4. Nf3 Nd7 5. h3 e5 6. Bh2 Qe7 7. Be2 Ngf6 8. O-O O-O 9. c4 b6 10. Nc3 Bb7 11. Nb5 Rfc8 12. Rc1 a6 13. Nc3 Ne4 14. Nxe4 Bxe4 15. d5 Bxf3 16. gxf3 f5 17. b3 a5 18. f4 e4 19. Kh1 Qh4 20. Kg2 Nc5 21. Bg3 Qe7 22. Rb1 Bf6 23. Kh1 Kh8 24. Rg1 Rg8 25. Qe1 Bh4 26. Qc3+ Bf6 27. Qe1 Rg7 28. Bh2 Rag8 29. Rg2 g5 30. fxg5 Rxg5 31. Rxg5 Rxg5 32. Bg3 Qg7 33. Kh2 Be5 34. a3 Nd7 35. b4 axb4 36. axb4 Bxg3+ 37. fxg3 Qe5 38. Qf2 Nf6 39. Qf4 Qxf4 40. gxf4 Rg8 41. Ra1 b5 42. Ra7 Rc8 43. Rb7 bxc4 44. Bxc4 Kg7 45. b5 Nd7 46. Bb3 Nc5 47. Ra7 Nxb3 48. b6 Kg6 49. Rxc7 Rb8 50. Rc6 Kf7 51. Rxd6 Nc5 52. Rc6 Nd7 53. Rc7 Ke7 54. b7 Kd6 55. Rc6+ Kxd5 56. Rh6 Rxb7 57. Rxh7 Ke6 58. Kg3 Rb3 59. Kf2 Nf6 60. Ra7 Nd5 61. Ra6+ Rb6 62. Ra7 Rb2+ 63. Kg3 Nxe3 64. h4 Rg2+ 65. Kh3 Rg4 66. Ra6+ Kf7 67. h5 Rxf4 68. Kg3 Rf1 69. h6 f4+ 70. Kh4 Rh1+ 71. Kg5 f3 72. Ra7+ Ke6 73. Ra6+ Ke5 74. Ra5+ Nd5 75. Ra2 e3 76. Kg4 f2 77. h7 Rxh7 78. Ra1 e2 79. Kf3 f1=Q+ 0-1


[Site "https://www.chess.com"]

[Event "Titled Tuesday Blitz August 15 Early 2023"]
[White "Gamayev, Oleg"]
[Black "Bueno, Alfeu Junior Varela"]
[WhiteFideId "2802813"]
[BlackFideId "2108879"]
[WhiteElo "2612"]
[BlackElo "2440"]
[Result "1-0"]
[Round "7"]
[TimeControl "180+1"]
[Date "2023.08.15"]
[WhiteClock "0:01:43"]
[BlackClock "0:00:45"]
[Board "90"]

1. d3 e5 2. e4 Nc6 3. Nf3 f5 4. Be2 Nf6 5. exf5 d5 6. O-O Bxf5 7. c3 Bd6 8. Re1 O-O 9. Nbd2 Kh8 10. Nf1 e4 11. dxe4 Nxe4 12. Be3 Qe8 13. Qxd5 Rd8 14. Qb5 Bc8 15. Rad1 Qg6 16. N3d2 a6 17. Qc4 Nxd2 18. Rxd2 Ne5 19. Qh4 Nf3+ 20. Bxf3 Rxf3 21. Qxd8+ 1-0


[Site "https://www.chess.com"]

[Event "Titled Tuesday Blitz August 15 Early 2023"]
[White "WindWhistler11"]
[Black "Golubev, Mikhail"]
[BlackFideId "14100983"]
[WhiteElo "2441"]
[BlackElo "2599"]
[Result "0-1"]
[Round "7"]
[TimeControl "180+1"]
[Date "2023.08.15"]
[WhiteClock "0:00:05"]
[BlackClock "0:00:07"]
[Board "91"]

1. Nf3 d6 2. c4 g6 3. d4 Bg7 4. e3 Nf6 5. Nc3 O-O 6. g3 Nbd7 7. Bg2 e5 8. O-O Re8 9. Re1 c6 10. b3 e4 11. Nd2 d5 12. f3 exf3 13. Qxf3 Nb6 14. Bb2 Bg4 15. Qf2 Be6 16. c5 Nbd7 17. h3 b6 18. b4 a5 19. b5 cxb5 20. c6 Nb8 21. Nxb5 Nxc6 22. Rac1 Rc8 23. Ba3 Nb4 24. Rxc8 Bxc8 25. Bxb4 axb4 26. Rb1 Qe7 27. Nf1 Ba6 28. Qe2 Bf8 29. Kh2 Qd7 30. a4 bxa3 31. Qf2 Ng4+ 32. hxg4 Bxb5 33. Nd2 Ra8 34. Ra1 Bc6 35. Nf3 Bd6 36. g5 b5 37. Bh3 Qc7 38. Kg2 b4 39. Nh2 b3 40. Ng4 b2 41. Qf6 bxa1=Q 42. Nh6+ Kf8 43. Qh8+ Ke7 44. Qf6+ Ke8 45. Qh8+ Bf8 46. Qf6 Qb2+ 47. Kh1 a2 48. Bg2 a1=Q+ 49. Kh2 Qxg2+ 50. Kxg2 Ra2+ 51. Kh3 Qh1+ 52. Kg4 Qh5# 0-1


[Site "https://www.chess.com"]

[Event "Titled Tuesday Blitz August 15 Early 2023"]
[White "Budrewicz, Krzysztof"]
[Black "Toktomushev, Teimur"]
[WhiteFideId "1127950"]
[BlackFideId "14176726"]
[WhiteElo "2589"]
[BlackElo "2438"]
[Result "1-0"]
[Round "7"]
[TimeControl "180+1"]
[Date "2023.08.15"]
[WhiteClock "0:00:58"]
[BlackClock "0:00:01"]
[Board "92"]

1. d4 d5 2. c4 e6 3. Nc3 Nf6 4. Bg5 Be7 5. e3 h6 6. Bh4 O-O 7. Nf3 b6 8. cxd5 Nxd5 9. Bxe7 Qxe7 10. Nxd5 exd5 11. Bd3 Be6 12. O-O c5 13. dxc5 bxc5 14. Rc1 Nd7 15. Bb1 Rfd8 16. Qd3 Nf6 17. Ne5 Rac8 18. Rfd1 d4 19. exd4 Rxd4 20. Qg3 Qd6 21. Re1 Rd2 22. b3 Nd7 23. Nf3 Qxg3 24. hxg3 Rb2 25. Red1 Nb6 26. Ne5 Re2 27. Nd3 Bf5 28. Nf4 Re5 29. Bxf5 Rxf5 30. Rc2 c4 31. Rdc1 Rfc5 32. b4 Rb5 33. a3 a5 34. Rb1 axb4 35. Rxb4 Rxb4 36. axb4 g5 37. Ne2 Nd5 38. b5 c3 39. g4 Rc5 40. Nd4 Nb4 41. Rc1 Rc4 42. Nf5 c2 43. Ne3 Rc5 44. b6 Nd3 45. Rxc2 Rb5 46. Rd2 Rb1+ 47. Kh2 Ne5 48. Rd6 Rb2 49. Kg3 Rb3 50. Rxh6 Nc4 51. Kf3 Nxb6 52. Ke2 Na4 53. Nf5 Nc3+ 54. Kd3 Nd5+ 55. Kc4 Rb2 56. Kxd5 Rxf2 57. Ne3 Re2 58. Ke4 Kg7 59. Rd6 Ra2 60. Nf5+ Kg8 61. Rd7 Rxg2 62. Kf3 Ra2 63. Nh6+ Kg7 64. Nxf7 Ra3+ 65. Ke2 Kf6 66. Nh6 Ke5 67. Rf7 Ra2+ 68. Kd3 Ra3+ 69. Kc4 Ra4+ 70. Kc5 Rf4 71. Rg7 Kf6 72. Rd7 Ra4 73. Rd6+ Ke5 74. Nf7+ Kf4 75. Nh6 Ra5+ 76. Kd4 Ra4+ 77. Kd5 Ra5+ 78. Ke6 Re5+ 79. Kf6 Re4 80. Kg6 Ra4 81. Kh5 Rb4 82. Rf6+ Kg3 83. Kxg5 Rb5+ 84. Nf5+ Kf3 85. Re6 Rc5 86. Re3+ Kf2 87. Ra3 Rd5 88. Kf4 Rc5 89. g5 Rc4+ 90. Ke5 Rc5+ 91. Ke6 Rb5 92. g6 Rb7 93. g7 Rb8 94. Kf7 Rb7+ 95. Ne7 Kf1 96. Ra2 Rb6 97. g8=Q Rb5 98. Qg2+ Ke1 99. Qg1# 1-0


[Site "https://www.chess.com"]

[Event "Titled Tuesday Blitz August 15 Early 2023"]
[White "Sadykov, Ramil"]
[Black "Herman, Daniel"]
[WhiteFideId "24113590"]
[BlackFideId "30935008"]
[WhiteElo "2588"]
[BlackElo "2437"]
[Result "1-0"]
[Round "7"]
[TimeControl "180+1"]
[Date "2023.08.15"]
[WhiteClock "0:00:02"]
[BlackClock "0:00:03"]
[Board "93"]

1. d4 Nf6 2. Nc3 d5 3. Bf4 e6 4. e3 Bb4 5. Ne2 O-O 6. a3 Bd6 7. g4 Nxg4 8. Rg1 e5 9. dxe5 Nxe5 10. Qxd5 Nbc6 11. O-O-O Be6 12. Qg2 Ng6 13. Bxd6 cxd6 14. Nf4 Rc8 15. Kb1 Nce5 16. Nfd5 Bxd5 17. Nxd5 f5 18. h3 Qh4 19. f4 Nc4 20. Rd4 Nb6 21. Nxb6 axb6 22. Bc4+ Kh8 23. Bd5 Qf6 24. Bxb7 Rc7 25. Bf3 Re8 26. Re1 Nh4 27. Qf2 Rce7 28. Rd3 Ng6 29. Red1 Re6 30. c3 Nh4 31. Bd5 R6e7 32. Ka1 Ng6 33. Bc6 Rd8 34. Qd2 Nh4 35. Rxd6 Rxd6 36. Qxd6 Qxd6 37. Rxd6 g6 38. a4 Rxe3 39. Bb5 Rxh3 40. Rxb6 Ng2 41. a5 Ne3 42. a6 Nd5 43. Rb7 Rh1+ 44. Ka2 Ne3 45. a7 Nc2 46. a8=Q# 1-0


[Site "https://www.chess.com"]

[Event "Titled Tuesday Blitz August 15 Early 2023"]
[White "Yeritsyan, Hayk"]
[Black "Chor, Kevin"]
[WhiteFideId "13307320"]
[BlackFideId "2090740"]
[WhiteElo "2432"]
[BlackElo "2580"]
[Result "1-0"]
[Round "7"]
[TimeControl "180+1"]
[Date "2023.08.15"]
[WhiteClock "0:00:05"]
[BlackClock "0:00:00"]
[Board "94"]

1. d4 Nf6 2. Nf3 g6 3. Bf4 Bg7 4. h3 d6 5. e3 O-O 6. c3 b6 7. Be2 Bb7 8. O-O Nbd7 9. Bh2 Re8 10. Nbd2 e5 11. Nc4 e4 12. Nfd2 Nf8 13. b4 h5 14. a4 Ne6 15. a5 b5 16. a6 Bd5 17. Na5 Rb8 18. c4 bxc4 19. Bxc4 Qd7 20. Nb7 Bxc4 21. Nxc4 Qb5 22. Qb3 Qg5 23. Ra5 Qh6 24. Qc2 g5 25. Nd2 h4 26. d5 Nf8 27. Qxc7 g4 28. Bf4 Qg6 29. hxg4 Qxg4 30. Qxd6 Ng6 31. Bh2 h3 32. Qg3 Qe2 33. Ra2 hxg2 34. Qxg2 Rbc8 35. Nd6 Nxd5 36. Nxc8 Rxc8 37. Rfa1 Nc3 38. Rc2 Qd3 39. Rxc3 Qxc3 40. Rd1 Qc2 41. Qf1 Rd8 42. Qe2 Bc3 43. Bc7 Rxd2 44. Rxd2 Bxd2 45. b5 Qxc7 46. Qxd2 Qb6 47. Qd4 Qxd4 48. exd4 Ne7 49. b6 Nc6 50. d5 Nb8 51. bxa7 1-0


[Site "https://www.chess.com"]

[Event "Titled Tuesday Blitz August 15 Early 2023"]
[White "Musovic, Armin"]
[Black "Begunov, Konstantin"]
[WhiteFideId "939935"]
[BlackFideId "4118510"]
[WhiteElo "2574"]
[BlackElo "2431"]
[Result "1-0"]
[Round "7"]
[TimeControl "180+1"]
[Date "2023.08.15"]
[WhiteClock "0:00:17"]
[BlackClock "0:00:15"]
[Board "95"]

1. a3 d5 2. Nc3 Bg4 3. d4 e6 4. h3 Bh5 5. Bf4 c5 6. g4 Bg6 7. e3 Nc6 8. Nf3 Bd6 9. Bxd6 Qxd6 10. Nb5 Qe7 11. dxc5 O-O-O 12. b4 h5 13. Bg2 hxg4 14. hxg4 Rxh1+ 15. Bxh1 Nf6 16. Nfd4 Ne4 17. Bxe4 Bxe4 18. Nxc6 bxc6 19. Nd6+ Kb8 20. Qd4 e5 21. Qb2 Bf3 22. b5 Ka8 23. Rb1 Rb8 24. b6 axb6 25. cxb6 Rd8 26. b7+ Kb8 27. Qb6 Qxd6 28. Qa6 Kc7 29. Qa5+ Kd7 30. Qxd8+ Kxd8 31. b8=Q+ Qxb8 32. Rxb8+ Ke7 33. a4 d4 34. a5 c5 35. a6 c4 36. a7 dxe3 37. fxe3 Kf6 38. Kf2 Be4 39. a8=Q Bxa8 40. Rxa8 Kg5 41. Kg3 g6 42. Rc8 f5 43. gxf5 gxf5 44. Rxc4 e4 45. Rc5 Kf6 46. Kf4 Ke6 47. Re5+ 1-0


[Site "https://www.chess.com"]

[Event "Titled Tuesday Blitz August 15 Early 2023"]
[White "Kielinkei"]
[Black "Aggelis, Nikolaos"]
[BlackFideId "4213220"]
[WhiteElo "2429"]
[BlackElo "2568"]
[Result "0-1"]
[Round "7"]
[TimeControl "180+1"]
[Date "2023.08.15"]
[WhiteClock "0:00:03"]
[BlackClock "0:00:57"]
[Board "96"]

1. Nf3 f5 2. d3 Nf6 3. e4 fxe4 4. dxe4 d6 5. e5 Ng4 6. Bc4 Nc6 7. e6 Nge5 8. Nxe5 Nxe5 9. Bb3 g6 10. h4 h5 11. Bf4 Bg7 12. Bxe5 Bxe5 13. c3 O-O 14. g4 c6 15. gxh5 Qb6 16. Qc2 Rf6 17. hxg6 Bxe6 18. Bxe6+ Rxe6 19. O-O Rf8 20. Kg2 Ref6 21. Na3 Rf4 22. Nc4 Rxc4 23. h5 Rg4+ 24. Kh3 Rff4 25. f3 Rh4+ 26. Kg2 Rb4 0-1


[Site "https://www.chess.com"]

[Event "Titled Tuesday Blitz August 15 Early 2023"]
[White "KorolDimitriy75"]
[Black "Przybylski, Wojciech"]
[BlackFideId "1117599"]
[WhiteElo "2425"]
[BlackElo "2566"]
[Result "0-1"]
[Round "7"]
[TimeControl "180+1"]
[Date "2023.08.15"]
[WhiteClock "0:00:00"]
[BlackClock "0:00:31"]
[Board "97"]

1. d4 d5 2. c4 e6 3. Nc3 Nf6 4. Bg5 Be7 5. cxd5 exd5 6. e3 O-O 7. Bd3 Nbd7 8. Qc2 Re8 9. Nge2 Nf8 10. f3 Be6 11. O-O c5 12. Bxf6 Bxf6 13. dxc5 Rc8 14. b4 b6 15. Bb5 Bd7 16. Bxd7 Nxd7 17. Rad1 bxc5 18. Nxd5 cxb4 19. Qf5 Nf8 20. e4 Ne6 21. Nxf6+ Qxf6 22. Qxf6 gxf6 23. Nd4 Nf4 24. Nf5 a5 25. Nd6 Ne2+ 26. Kh1 Nc3 27. Rd2 Red8 28. Rff2 Nb1 29. Rd1 Nc3 30. Rdd2 Nb1 31. Rd1 Rc6 32. Rxb1 Rcxd6 33. h4 Rd2 34. Rb2 Rd1+ 35. Kh2 R8d4 36. Kg3 a4 37. Rbc2 Kg7 38. Kf4 a3 0-1


[Site "https://www.chess.com"]

[Event "Titled Tuesday Blitz August 15 Early 2023"]
[White "Souleidis, Georgios"]
[Black "Novikov, Evgenij"]
[WhiteFideId "4206827"]
[BlackFideId "4125380"]
[WhiteElo "2555"]
[BlackElo "2420"]
[Result "1/2-1/2"]
[Round "7"]
[TimeControl "180+1"]
[Date "2023.08.15"]
[WhiteClock "0:00:56"]
[BlackClock "0:01:06"]
[Board "98"]

1. e4 c5 2. Be2 g6 3. d3 Bg7 4. f4 d5 5. Nf3 dxe4 6. dxe4 Qxd1+ 7. Bxd1 Nc6 8. c3 Nf6 9. Bc2 h6 10. Be3 b6 11. Nbd2 Ba6 12. O-O-O O-O-O 13. Rhe1 Bd3 14. Bxd3 Rxd3 15. Kc2 Rhd8 16. e5 Ng4 17. Bg1 h5 18. Ng5 Nh6 19. Nde4 Rxd1 20. Rxd1 Rxd1 21. Kxd1 Nd8 22. a4 Nf5 23. Ke2 Bh6 24. g3 Bxg5 25. Nxg5 Kd7 26. Bf2 f6 27. exf6 exf6 28. Ne4 Ke6 29. h3 Nc6 30. g4 hxg4 31. hxg4 Nd6 32. Nxd6 Kxd6 33. Kd3 Kd5 34. c4+ Ke6 35. Be3 f5 36. g5 1/2-1/2


[Site "https://www.chess.com"]

[Event "Titled Tuesday Blitz August 15 Early 2023"]
[White "jimmy-schlumpf"]
[Black "Eynullayev, Altay"]
[BlackFideId "13413562"]
[WhiteElo "2411"]
[BlackElo "2553"]
[Result "0-1"]
[Round "7"]
[TimeControl "180+1"]
[Date "2023.08.15"]
[WhiteClock "0:00:00"]
[BlackClock "0:00:04"]
[Board "99"]

1. d4 Nf6 2. Nf3 e6 3. c4 d5 4. g3 Bb4+ 5. Bd2 Be7 6. Bg2 O-O 7. O-O Nbd7 8. Qc2 c6 9. Bf4 b6 10. Rd1 Ba6 11. Ne5 Rc8 12. Qa4 Nb8 13. cxd5 Nxd5 14. Nc3 Nxf4 15. gxf4 Bd6 16. e3 b5 17. Qc2 f5 18. a3 Rf6 19. Qe2 Rh6 20. Qf3 Rc7 21. b4 Bb7 22. Qg3 Nd7 23. Rac1 Nf6 24. h3 Nh5 25. Qg5 Be7 26. Qxh6 gxh6 27. Rc2 Nf6 28. Rdc1 Bd6 29. Nd3 Nd5 30. Ne2 Rg7 31. Ng3 Qe8 32. Kh2 h5 33. Ne5 Bxe5 34. dxe5 h4 35. Ne2 c5 36. Rxc5 Rxg2+ 37. Kxg2 Nxf4+ 38. Kh2 Nd3 39. Rc7 Nxc1 40. Nxc1 Bf3 41. Nd3 Qd8 42. Rc3 Be4 43. Nf4 Qd2 44. Rc8+ Kf7 45. Rc7+ Ke8 46. Re7+ Kxe7 0-1


[Site "https://www.chess.com"]

[Event "Titled Tuesday Blitz August 15 Early 2023"]
[White "Yelisieiev, Yevhenii"]
[Black "Melikhov, Evgeny V."]
[WhiteFideId "14139642"]
[BlackFideId "4122046"]
[WhiteElo "2553"]
[BlackElo "2404"]
[Result "1-0"]
[Round "7"]
[TimeControl "180+1"]
[Date "2023.08.15"]
[WhiteClock "0:01:27"]
[BlackClock "0:02:08"]
[Board "100"]

1. d4 Nf6 2. Nf3 d5 3. c4 e6 4. Nc3 Bb4 5. Qb3 Nc6 6. Bg5 h6 7. Bh4 O-O 8. e3 dxc4 9. Bxc4 Bd6 10. Qc2 e5 11. Ne4 g5 12. Nxd6 cxd6 13. Qg6+ Kh8 14. Qxh6+ Nh7 15. Nxg5 Bf5 16. Nxf7+ Rxf7 17. Bxd8 1-0


[Site "https://www.chess.com"]

[Event "Titled Tuesday Blitz August 15 Early 2023"]
[White "Frayna, Janelle Mae"]
[Black "Perdomo, Carlos Andres"]
[WhiteFideId "5212499"]
[BlackFideId "4400852"]
[WhiteElo "2419"]
[BlackElo "2548"]
[Result "0-1"]
[Round "7"]
[TimeControl "180+1"]
[Date "2023.08.15"]
[WhiteClock "0:00:19"]
[BlackClock "0:00:18"]
[Board "101"]

1. e4 c5 2. Nf3 e6 3. g3 b6 4. Bg2 Bb7 5. Nc3 Nf6 6. Qe2 d5 7. e5 Nfd7 8. O-O Nc6 9. d3 Be7 10. h4 a6 11. Bg5 Bxg5 12. hxg5 Qc7 13. Rfe1 Rc8 14. a3 Ba8 15. Nxd5 exd5 16. e6 Nf8 17. exf7+ Kxf7 18. Bh3 Rd8 19. g6+ hxg6 20. Ng5+ Kg8 21. c3 Rh5 22. Be6+ Kh8 23. Nf7+ Kh7 24. Nxd8 Nxd8 25. Bg4 Rh6 26. Qe7 d4 27. Qh4 Rxh4 28. gxh4 Qf4 29. f3 Qg3+ 30. Kf1 Bxf3 31. Bxf3 Qxf3+ 32. Kg1 Nde6 33. Re4 Qg3+ 34. Kf1 Nf4 35. Rxf4 Qxf4+ 36. Kg2 Qd2+ 37. Kg3 Qxd3+ 38. Kg2 dxc3 39. bxc3 Qxc3 0-1


[Site "https://www.chess.com"]

[Event "Titled Tuesday Blitz August 15 Early 2023"]
[White "Fuzesabonyilaci"]
[Black "Postlmayer, Jakob"]
[BlackFideId "1643622"]
[WhiteElo "2396"]
[BlackElo "2545"]
[Result "0-1"]
[Round "7"]
[TimeControl "180+1"]
[Date "2023.08.15"]
[WhiteClock "0:00:00"]
[BlackClock "0:00:14"]
[Board "102"]

1. d4 Nf6 2. c4 e6 3. Nf3 d5 4. g3 Bb4+ 5. Nbd2 O-O 6. Bg2 b6 7. cxd5 exd5 8. O-O Bb7 9. Ne5 Bd6 10. Ndf3 Re8 11. Bf4 Nh5 12. Bd2 Nd7 13. Nxd7 Qxd7 14. Rc1 Nf6 15. Bf4 Bxf4 16. gxf4 Qd6 17. e3 Ne4 18. Ne5 f6 19. Bxe4 dxe4 20. Nc4 Qe6 21. Kh1 Rad8 22. Rg1 c5 23. Qh5 cxd4 24. Rg3 Re7 25. b3 d3 26. Nd2 Rc8 27. Rgg1 Rec7 28. Rxc7 Rxc7 29. Qb5 h6 30. Nc4 Kh7 31. Qb4 Bd5 32. Qf8 Bxc4 33. bxc4 Qxc4 34. f5 Qf7 35. Qd6 Qd7 36. Qg3 d2 37. Qg6+ Kh8 38. Rd1 Rc1 39. Qg4 Rxd1+ 40. Qxd1 Qd3 41. Kg2 Qc3 42. Qh5 Qc6 43. Qf7 d1=Q 0-1


[Site "https://www.chess.com"]

[Event "Titled Tuesday Blitz August 15 Early 2023"]
[White "Rietze, Clemens, Dr."]
[Black "D`Arruda, Ricardo D."]
[WhiteFideId "24620351"]
[BlackFideId "100692"]
[WhiteElo "2396"]
[BlackElo "2544"]
[Result "0-1"]
[Round "7"]
[TimeControl "180+1"]
[Date "2023.08.15"]
[WhiteClock "0:00:16"]
[BlackClock "0:00:51"]
[Board "103"]

1. d4 Nf6 2. c4 e5 3. dxe5 Ne4 4. a3 Nc6 5. Nf3 d6 6. Qc2 d5 7. cxd5 Qxd5 8. e3 Be6 9. Be2 O-O-O 10. Nc3 Nxc3 11. Qxc3 Be7 12. O-O h6 13. b4 a6 14. Bb2 Qb3 15. b5 Qxc3 16. Bxc3 axb5 17. Bxb5 Bd5 18. Rfc1 b6 19. Nd4 Nxe5 20. Nf5 Bf6 21. f4 Ng4 22. h3 Bxc3 23. Rxc3 Nf6 24. Rac1 c5 25. g4 g6 26. Ne7+ Kb7 27. Nxd5 Rxd5 28. Bc4 Rd7 29. Rd3 Rhd8 30. Rcd1 Rxd3 31. Rxd3 Rxd3 32. Bxd3 Kc6 33. a4 Kd5 34. Kf2 c4 35. Bc2 g5 36. Kf3 Kc5 37. f5 c3 38. e4 Kd4 39. Bb3 Nd7 40. Bc2 Nc5 41. Bb1 0-1


[Site "https://www.chess.com"]

[Event "Titled Tuesday Blitz August 15 Early 2023"]
[White "Al-Tarboush, Ward"]
[Black "Ovezdurdyyeva, Jemal"]
[WhiteFideId "7601450"]
[BlackFideId "14001888"]
[WhiteElo "2541"]
[BlackElo "2381"]
[Result "0-1"]
[Round "7"]
[TimeControl "180+1"]
[Date "2023.08.15"]
[WhiteClock "0:00:55"]
[BlackClock "0:00:40"]
[Board "104"]

1. e4 d6 2. d4 Nf6 3. Nc3 g6 4. Be3 c6 5. f3 b5 6. h4 h5 7. Bd3 Bg7 8. Qd2 Nbd7 9. O-O-O Qa5 10. Kb1 b4 11. Nce2 Nb6 12. e5 Nfd5 13. f4 Nxe3 14. Qxe3 Be6 15. b3 Nd5 16. Qd2 Nc3+ 17. Nxc3 bxc3 18. Qe3 O-O 19. Nf3 c5 20. f5 gxf5 21. Ng5 cxd4 22. Qc1 dxe5 23. Nxe6 fxe6 24. Bc4 Rf6 25. a4 Qb4 26. Ka2 Rc8 27. Be2 e4 28. Bxh5 d3 29. g4 f4 30. g5 Rf5 31. Bg4 d2 32. Qa3 Qxa3+ 33. Kxa3 Re5 34. h5 Rc6 35. h6 Rxg5 36. Be2 Bf6 37. Bc4 Kh7 38. Bb5 Rd6 39. Rhf1 f3 40. Kb4 Kxh6 41. a5 Kg7 42. a6 Rb6 43. Kc4 Rbxb5 44. Rg1 e3 45. Rxg5+ Rxg5 46. Rh1 e2 0-1


[Site "https://www.chess.com"]

[Event "Titled Tuesday Blitz August 15 Early 2023"]
[White "Karamsetty, Jeevan"]
[Black "Korpics, Zsolt"]
[WhiteFideId "2025337"]
[BlackFideId "705241"]
[WhiteElo "2540"]
[BlackElo "2387"]
[Result "1-0"]
[Round "7"]
[TimeControl "180+1"]
[Date "2023.08.15"]
[WhiteClock "0:00:06"]
[BlackClock "0:00:04"]
[Board "105"]

1. g3 d5 2. Bg2 Nf6 3. d3 e5 4. Nd2 Be7 5. e4 dxe4 6. dxe4 O-O 7. Ngf3 Nc6 8. c3 Qd3 9. Bf1 Qd8 10. Bg2 Qd3 11. Qe2 Qxe2+ 12. Kxe2 b6 13. h3 Ba6+ 14. Ke1 Bd3 15. Nh4 Rfd8 16. f4 exf4 17. Nf5 Bf8 18. gxf4 Re8 19. Ng3 Nd5 20. e5 Rad8 21. Nb3 f6 22. Kf2 fxe5 23. fxe5 Nxe5 24. Bg5 Rd7 25. Rhe1 Bc4 26. Kg1 Nf6 27. Kh2 Rde7 28. Red1 h6 29. Bxf6 gxf6 30. Nf5 Rd7 31. Rxd7 Nxd7 32. Bc6 Be6 33. Rg1+ Kh7 34. Nbd4 Rd8 35. Nxe6 Re8 36. Bxd7 Rb8 37. Nxf8+ Rxf8 38. Rg7+ Kh8 39. Kg3 Rd8 40. Rf7 c5 41. Kf4 Kg8 42. Nxh6+ Kh8 43. Kf5 b5 44. Kg6 Rxd7 45. Rf8# 1-0


[Site "https://www.chess.com"]